 Dungeon Crawl Stone Soup version 0.31.0-32-g396128a36d (webtiles) character file.

Game seed: 15433142760455483441

678 Frostfang the Changeling (level 7, -5/49 HPs)
             Began as an Octopode Shapeshifter on Mar 31, 2024.
             Was a Follower of Okawaru.
             Killed by divine providence
             ... invoked by an orc priest
              (9 damage)
             ... on level 6 of the Dungeon.
             The game lasted 00:05:44 (4233 turns).

Frostfang the Changeling (Octopode Shapeshifter)    Turns: 4233, Time: 00:05:46

Health: -5/49      AC:  3    Str: 17    XL:     7   Next: 60%
Magic:  9/9        EV: 14    Int: 14    God:    Okawaru [*.....]
Gold:   220        SH:  0    Dex: 17    Spells: 6/6 levels left

rFire   + . .        o - +9 whip "Otham" {drain, Str+3 Dex+6}
rCold   + . .        (no shield)
rNeg    . . .        (helmet currently unavailable)
rPois   +            (no amulet)
rElec   +            R - ring of resist corrosion
rCorr   +            P - ring of poison resistance
SInv    .            (no ring)
Will    .....        (no ring)
Stlth   +++          (no ring)
HPRegen 0.28/turn    (no ring)
MPRegen 0.11/turn    (no ring)
                     (no ring)

%: no passive effects
@: beast-form, resistant
A: beast (slay +2), almost no armour, amphibious, 8 rings, camouflage 1,
gelatinous body 1, (nimble swimmer 1), tentacles, tentacle spike 1, iridescent
scales 1
a: Begin Untransformation, Renounce Religion, Heroism


You were on level 6 of the Dungeon.
You worshipped Okawaru.
Okawaru was aware of your devotion.
You were a hulking beast.
You visited 1 branch of the dungeon, and saw 6 of its levels.

You collected 220 gold pieces.


Innate Abilities, Weirdness & Mutations

You are a hulking beast.
Your limbs bulge with bestial killing power. (Slay +2)
You cannot wear most types of armour.
You are amphibious.
You can wear up to eight rings at the same time.
Your skin changes colour to match your surroundings (Stealth+).
Your rubbery body absorbs attacks. (AC +1, EV +1)
((You are camouflaged when in or above water. (Stealth+)))
You have tentacles for arms and can constrict up to eight enemies at once.
One of your tentacles bears a spike.
You are partially covered in iridescent scales. (AC +2)


   Skills:
 + Level 4.7 Fighting
 + Level 3.8 Dodging
 - Level 3.0 Unarmed Combat
 + Level 3.4 Invocations
 - Level 5.0 Shapeshifting


You had 6 spell levels left.
You didn't know any spells.
Your spell library contained the following spells:

 Spells                   Type           Power      Damage    Failure   Level
 Apportation              Tloc           0%         N/A       28%         1
 Jinxbite                 Hex            0%         N/A       41%         2
 Alistair's Intoxication  Alch           0%         N/A       100%        5

Inventory:

Hand Weapons
 o - the +9 whip "Otham" (weapon) {drain, Str+3 Dex+6}
   (You found it on level 4 of the Dungeon)

   Str+3:     It affects your strength (+3).
   Dex+6:     It affects your dexterity (+6).
Missiles
 h - a throwing net {=f}
 i - 5 atropa-tipped darts (quivered)
 m - 19 poisoned darts
Magical Staves
 s - a staff of death {!a}
Jewellery
 F - the ring of the Weak Cherry {Fire *Corrode rN+ Dex+5}
   (You found it on level 5 of the Dungeon)

   [ring of fire]

   Fire:      It enhances your fire magic.
   Dex+5:     It affects your dexterity (+5).
   rF+:       It protects you from fire.
   rC-:       It makes you vulnerable to cold.
   rN+:       It protects you from negative energy.
   *Corrode:  It may corrode you when you take damage.
 P - a ring of poison resistance (right tentacle)
 R - a ring of resist corrosion (left tentacle)
Talismans
 b - a beast talisman
 c - a flux talisman
 g - a maw talisman
Wands
 k - a wand of polymorph (8)
 u - a wand of iceblast (10)
Scrolls
 d - 7 scrolls of identify {unknown}
 e - 2 scrolls of teleportation {unknown}
 l - 2 scrolls of immolation {unknown}
 n - 2 scrolls of amnesia {unknown}
 p - a scroll of poison {unknown}
 q - a scroll of noise {unknown}
 r - a scroll of torment {unknown}
 t - 2 scrolls of revelation {unknown}
Potions
 a - a potion of lignification
 j - a potion of enlightenment {unknown}

Dungeon Overview and Level Annotations

Branches:
Dungeon (6/15)
 Temple: D:4-7

Altars:
Okawaru

.....###......###.#
......#..#...#....##...
........##..##... .#..#
........##...# .##....#.
.....#..##...##..#.....
....##...............##.
#......#..##....#.......
#.....##.##..?.##o..#
#......#.##.....ho..#
##..#...........#c..h..s
#.###..........##..o...
### ###....#.........##
#....##........#
#.........##...#
##.##.#...# .##
####.#..## ## ####.#


You could see a centaur, a scorpion (wandering), a hound, an orc priest and 2
orcs.


Message History

The orc priest mumbles some strange prayers to Beogh against you.
Beogh smites you!
* * * LOW HITPOINT WARNING * * *
Unknown command.
An orc comes into view. It is wielding a +0 hand axe.
The centaur unwields a +2 shortbow of flaming.
It stops flaming.
The centaur completely misses you. The centaur closely misses you.
The orc priest closely misses you.
You see here a +0 flail.
You barely miss the orc priest.
The orc shouts!
Your grab misses the orc priest.
You pierce the orc priest.
The orc priest is lightly wounded.
The centaur misses you.
The centaur kicks you but does no damage.
A hound comes into view.
The orc priest hits you but does no damage.
You closely miss the orc priest. You grab the orc priest.
You pierce the orc priest!
The orc priest is heavily wounded.
You constrict the orc priest. The centaur hits you.
* * * LOW HITPOINT WARNING * * *
The centaur kicks you.
* * * LOW HITPOINT WARNING * * *
A scorpion comes into view.
The centaur misses you. The centaur kicks you.
* * * LOW HITPOINT WARNING * * *
The orc priest calls down the wrath of Beogh upon you.
Beogh smites you!
You die...

Skill      XL: |  1  2  3  4  5  6  7 |
---------------+----------------------+-----
Fighting       | 2 3 4 |  4.7
Shapeshifting  | 4 5 |  5.0
Invocations    | 1 2 3 |  3.4
Dodging        | 3 |  3.8
Unarmed Combat | |  3.0

Action                     |  1- 3 |  4- 6 |  7- 9 || total
---------------------------+-------+-------+-------++-------
  Melee: Unarmed           |    62 |    69 |       ||   131
         Constrict         |    19 |    24 |     6 ||    49
         Tentacles         |    10 |    14 |     2 ||    26
         Punch             |     2 |       |     1 ||     3
         Whip              |       |    34 |    14 ||    48
         Kick              |       |       |     2 ||     2
    Use: Potion            |       |       |     2 ||     2
   Stab: Sleeping          |     9 |     9 |       ||    18
         Distracted        |       |     1 |       ||     1
 Armour: Skin              |    24 |    38 |    15 ||    77
  Dodge: Dodged            |    33 |    65 |    18 ||   116

Levels and vault maps discovered:
D:1:      dpeg_arrival_fog, layout_loops_ring
D:2:      layout_basic
D:3:      layout_loops_ring, lemuel_tele_altar, minmay_pentangle
D:4:      layout_gridville
D:5:      layout_cave_pools
D:6:      layout_cave_pools, minmay_temple_entry_offerings

Notes
Turn   | Place    | Note
-------+----------+-------------------------------------------
     0 | D:1      | Frostfang the Octopode Shapeshifter began the quest for the
                  | Orb.
     0 | D:1      | Reached XP level 1. HP: 13/13 MP: 1/1
   122 | D:1      | Reached skill level 2 in Fighting
   122 | D:1      | Reached XP level 2. HP: 19/19 MP: 2/2
   561 | D:1      | Reached XP level 3. HP: 25/25 MP: 3/3
   840 | D:2      | Reached skill level 3 in Fighting
  1502 | D:2      | Reached XP level 4. HP: 19/31 MP: 4/4
  1747 | D:3      | Reached skill level 4 in Shapeshifting
  1874 | D:3      | Reached XP level 5. HP: 27/36 MP: 5/5
  2207 | D:3      | Found an iron altar of Okawaru.
  2295 | D:3      | Reached skill level 5 in Shapeshifting
  2697 | D:3      | Became a worshipper of Warmaster Okawaru
  2725 | D:4      | Identified the +9 whip "Otham" {drain, Str+3 Dex+6}
  2940 | D:4      | Reached skill level 1 in Invocations
  2940 | D:4      | Reached XP level 6. HP: 42/42 MP: 6/6
  3482 | D:5      | Entered Level 5 of the Dungeon
  3563 | D:5      | Reached skill level 2 in Invocations
  3621 | D:5      | Reached skill level 4 in Fighting
  3621 | D:5      | Reached skill level 3 in Dodging
  3636 | D:5      | Noticed a black bear
  3645 | D:5      | Identified the ring of the Weak Cherry {Fire *Corrode rN+
                  | Dex+5}
  3645 | D:5      | Noticed an ice beast
  3653 | D:5      | Killed an ice beast
  3653 | D:5      | Reached * piety under Okawaru
  3654 | D:5      | Reached XP level 7. HP: 15/49 MP: 7/9
  3807 | D:5      | Reached skill level 3 in Invocations
  4226 | D:6      | Gained mutation: You are partially covered in iridescent
                  | scales. (AC +2) [potion of mutation]
  4226 | D:6      | Gained mutation: One of your tentacles bears a spike.
                  | [potion of mutation]
  4226 | D:6      | Gained mutation: You are frail. (-10% HP) [potion of
                  | mutation]
  4226 | D:6      | Lost mutation: You are frail. (-10% HP) [potion of
                  | mutation]
  4227 | D:6      | Identified a potion of resistance
  4233 | D:6      | HP: 4/49 [centaur (1)]
  4233 | D:6      | Killed from afar by an orc priest

Vanquished Creatures
  An ice beast (D:5)
  A black bear (D:5)
  A howler monkey (D:5)
  3 hounds
  A sleepcap (D:5)
  A jelly (D:5)
  An iguana (D:5)
  2 orc wizards (D:5)
  A gnoll (D:3)
  14 adders
  5 dart slugs
  2 ribbon worms (D:3)
  6 orcs
  11 ball pythons
  9 bats
  5 endoplasms
  4 giant cockroaches
  2 goblins (D:1)
  4 hobgoblins
  2 jackals (D:2)
  8 kobolds
  4 quokkas
  3 frilled lizards
  2 rats
93 creatures vanquished.

Table legend: (Time is in decaauts)
 A = Elapsed time spent in this place.
 B = Non-inter-level travel time spent in this place.
 C = Inter-level travel time spent in this place.
 D = Time resting spent in this place.
 E = Time spent auto-exploring this place.
 F = Levels seen in this place.
 G = Mean time per level.
                   A        B        C        D        E       F      G
               +--------+--------+--------+--------+--------+-----+--------+
         Total |   4227 |   4009 |    218 |    374 |   3009 |   6 |  704.5 |
       Dungeon |   4227 |   4009 |    218 |    374 |   3009 |   6 |  704.5 |
               +--------+--------+--------+--------+--------+-----+--------+

Top non-repeatable levels by time:
     D:3: 1087 daAuts
     D:2: 938 daAuts
     D:4: 761 daAuts
     D:5: 706 daAuts
     D:1: 687 daAuts
     D:6: 46 daAuts

Table legend:
 A = Non-vault XP
 B = Vault XP
 C = Vault XP percentage of total XP
 D = Non-vault monster count
 E = Vault monster count
 F = Vault count percentage of total count
                 A         B        C        D         E       F
            +---------+---------+-------+---------+---------+-------
      Total |     915 |      54 |   5.6 |      84 |       9 |   9.7
            +---------+---------+-------+---------+---------+-------
        D:1 |      34 |       0 |   0.0 |      16 |       0 |   0.0
        D:2 |      52 |       0 |   0.0 |      21 |       0 |   0.0
        D:3 |     139 |      54 |  28.0 |      20 |       9 |  31.0
        D:4 |     131 |       0 |   0.0 |      11 |       0 |   0.0
        D:5 |     556 |       0 |   0.0 |      15 |       0 |   0.0
        D:6 |       3 |       0 |   0.0 |       1 |       0 |   0.0
            +---------+---------+-------+---------+---------+-------
